Map: Ancient Cistern LE

Players

Aristori

  • Race: Zerg Zerg
  • Spawn Location: 7:00

NightMare - Winner!

  • Race: Protoss Protoss
  • Spawn Location: 1:00

Event: ESL SC2 Masters 2023 Summer (Finals)

VOD

Have the link to the VOD?

Description

Time

  • Played on: June 16, 2023, 5:19 a.m.
  • Length: 7:58

All games in this series

Show
View Real Time Build Order
Export as new Build Order

Aristori Zerg 

Build Orders: Hatch First 

Get SALT Encoding   

  12  0:00  Drone  
  13  0:12  Overlord  
  13  0:16  Drone  
  14  0:30  Drone x2  
  16  0:48  Hatchery  
  15  0:51  Drone  
  15  0:54  Drone  
  17  0:58  Drone  
  18  1:09  Extractor  
  17  1:13  Spawning Pool  
  17  1:16  Drone  
  17  1:19  Drone  
  18  1:27  Drone  
  19  1:38  Drone  
  20  1:49  Overlord  
  20  1:59  Queen x2  
  20  2:00  Zergling x2  
  20  2:01  Zergling x2  
  26  2:10  Drone  
  26  2:11  Drone  
  26  2:12  Metabolic Boost  
  28  2:21  Drone  
  28  2:22  Drone  
  30  2:34  Hatchery  
  29  2:39  Drone x2  
  31  2:46  Queen  
  33  2:53  Overlord  
  33  2:54  Drone  
  33  2:55  Drone  
  35  3:02  Drone  
  36  3:11  Queen  
  37  3:13  Drone x3  
  37  3:18  Drone x3  
  42  3:25  Queen  
  44  3:31  Overlord  
  44  3:39  Overlord  
  44  3:47  Overlord x2  
  45  3:48  Drone x2  
  45  3:51  Queen  
  49  3:56  Zergling x2  
  49  3:57  Overlord  
  49  4:00  Overlord  
  49  4:01  Drone x2  
  49  4:02  Drone x2  
  53  4:05  Spore Crawler  
  53  4:09  Zergling x2  
  53  4:12  Drone, Spore Crawler  
  53  4:15  Drone  
  54  4:18  Evolution Chamber  
  54  4:21  Drone x3  
  54  4:22  Drone  
  57  4:30  Drone x5  
  62  4:39  Drone x3  
  62  4:43  Zerg Melee Weapons Level 1  
  65  4:48  Drone x6  
  65  4:52  Lair  
  71  4:55  Roach Warren  
  71  4:59  Drone  
  73  5:00  Drone x2  
  73  5:04  Extractor, Overlord  
  73  5:05  Extractor  
  71  5:08  Zergling x2  
  71  5:09  Zergling x8  
  76  5:17  Zergling x12  
  76  5:30  Drone  
  76  5:34  Drone x3  
  79  5:36  Overlord  
  79  5:40  Zergling x2  
  79  5:41  Zergling x6  
  80  5:48  Zergling x8  
  73  5:59  Roach x8  
  86  6:16  Extractor x2  
  82  6:20  Zergling x2  
  82  6:21  Zergling x20  
  93  6:29  Overlord, Glial Reconstitution  
  93  6:36  Drone x2  
  95  6:44  Drone  
  95  6:45  Drone x4  
  100  6:55  Ravager  
  101  7:13  Overlord x2  
  89  7:25  Overlord  
  77  7:33  Roach x12  
  90  7:38  Zergling x2  
  90  7:39  Overlord  
  86  7:54  Hatchery  
Show
View Real Time Build Order
Export as new Build Order

NightMare Protoss - Winner!

Build Orders: 1 Gate Expand 

Get SALT Encoding   

  12  0:00  Probe  
  13  0:12  Probe  
  14  0:19  Pylon  
  14  0:24  Probe  
  15  0:37  Probe (Chrono Boost)  
  15  0:39  Gateway  
  16  0:46  Probe (Chrono Boost)  
  16  0:47  Assimilator  
  17  0:52  Probe  
  18  1:04  Probe  
  19  1:16  Probe  
  20  1:24  Nexus  
  20  1:33  Cybernetics Core  
  20  1:37  Probe  
  21  1:43  Assimilator  
  21  1:49  Probe  
  21  1:52  Pylon  
  22  2:01  Probe  
  22  2:08  Adept (Chrono Boost)  
  23  2:13  Probe  
  26  2:15  Stargate  
  26  2:25  Probe  
  26  2:26  Warp Gate  
  26  2:28  Adept (Chrono Boost)  
  27  2:36  Probe  
  30  2:38  Probe  
  31  2:48  Probe  
  31  2:50  Probe, Adept  
  35  3:00  Probe  
  35  3:02  Probe  
  41  3:07  Void Ray (Chrono Boost)  
  41  3:12  Probe  
  42  3:14  Probe  
  42  3:19  Pylon  
  43  3:24  Probe  
  43  3:25  Gateway  
  43  3:26  Probe  
  45  3:35  Twilight Council  
  45  3:36  Probe  
  45  3:38  Probe  
  47  3:44  Gateway  
  47  3:47  Gateway  
  47  3:49  Probe  
  47  3:51  Probe  
  49  3:58  Pylon  
  49  4:01  Probe  
  50  4:03  Probe  
  50  4:04  Resonating Glaives (Chrono Boost)  
  51  4:15  Adept  
  53  4:21  Nexus  
  53  4:22  Pylon  
  53  4:24  Adept  
  55  4:27  Probe x2  
  57  4:32  Pylon  
  57  4:39  Probe x2, Assimilator  
  57  4:40  Assimilator  
  59  4:46  Adept x2  
  59  4:48  Adept  
  59  4:50  Adept  
  67  4:54  Probe x2  
  69  5:00  Robotics Facility  
  69  5:03  Pylon  
  69  5:06  Probe x2  
  71  5:16  Adept x3  
  77  5:22  Probe x2  
  79  5:30  Blink (Chrono Boost)  
  79  5:34  Probe x2  
  79  5:42  Gateway  
  75  5:43  Gateway  
  75  5:45  Gateway  
  73  5:55  Stalker x4  
  81  6:00  Probe x3  
  84  6:08  Warp Prism (Chrono Boost)  
  84  6:10  Pylon  
  84  6:11  Pylon  
  86  6:19  Stalker x2  
  86  6:23  Stalker x2  
  94  6:32  Probe x3, Pylon  
  97  6:37  Stalker x2  
  97  6:39  Observer  
  100  6:41  Stalker  
  100  6:45  Zealot, Stalker  
  106  6:49  Stalker  
  106  6:51  Stalker  
  106  6:53  Probe  
  111  6:56  Pylon  
  111  7:06  Stalker x4  
  119  7:28  Stalker x3  
  121  7:30  Stalker x3  
  121  7:31  Stalker  
  123  7:37  Pylon  
  123  7:38  Pylon  
  121  7:53  Stalker x3  
  121  7:54  Stalker x3  
  121  7:56  Stalker  
Tags
 
Add a new tag
Caveats
  • Supply blocks, unpowered buildings, or Contaminate may cause inaccurate times.
  • Supply counts are checked every 10 seconds.